 Dungeon Crawl Stone Soup version 0.24-a0-84-g25a2d9f (console) character file.

Game seed: 13101925252555946749

54061 Duffy the Cleaver (level 14, -2/131 (132) HPs)
             Began as a Naga Fighter on Feb 7, 2019.
             Was an Elder of Qazlal.
             Slain by a black mamba (13 damage)
             ... on level 6 of the Lair of Beasts.
             The game lasted 00:28:26 (22603 turns).

Duffy the Cleaver (Naga Fighter)                   Turns: 22603, Time: 00:28:27

HP:   -2/131 (132)  AC: 25    Str: 18    XL:     14   Next: 71%
MP:   16/21         EV: 11    Int:  8    God:    Qazlal [****..]
Gold: 563           SH: 17    Dex: 17    Spells: 13/13 levels left

rFire    . . .     SeeInvis +   a - +4 war axe (elec)
rCold    + . .     Gourm    .   c - +0 shield
rNeg     . . .     Faith    +   B - +2 scale mail {rC+}
rPois    +         Spirit   .   b - +2 hat
rElec    .         Reflect  .   (no cloak)
rCorr    .         Harm     .   g - +0 pair of gloves
MR       +....                  t - +0 naga barding
Stlth    ..........             F - amulet of faith (curse)
HPRegen  0.31/turn              L - ring of flight
MPRegen  0.17/turn              e - +4 ring of protection

@: about to teleport, repel missiles, very slow
A: large, see invisible, deformed body, poison resistance, slowness 2, slow
metabolism 1, spit poison 1, constrict 1, AC +4
a: Spit Poison, Upheaval, Elemental Force, Renounce Religion, Evoke Flight


You were on level 6 of the Lair of Beasts.
You worshipped Qazlal.
Qazlal was greatly pleased with you.
You were full.

You visited 3 branches of the dungeon, and saw 17 of its levels.

You collected 907 gold pieces.
You spent 344 gold pieces at shops.

Inventory:

Hand Weapons
 a - a +4 war axe of electrocution (weapon)
 G - a +3 war axe
 H - a +2 scimitar of flaming
 N - a +0 blowgun
Missiles
 k - a throwing net (quivered)
 s - 10 curare-tipped needles
Armour
 b - a +2 hat (worn)
 c - a +0 shield (worn)
 g - a +0 pair of gloves (worn)
 t - a +0 naga barding (worn)
 B - a +2 scale mail of cold resistance (worn)
Magical Staves
 q - an uncursed staff of air {!a}
Jewellery
 e - a +4 ring of protection (right hand)
 F - a cursed amulet of faith (around neck)
 L - a ring of flight (left hand)
Wands
 E - a wand of enslavement (9)
 I - a wand of polymorph (4)
 K - a wand of paralysis (8)
 O - a wand of iceblast (7)
 P - a wand of acid (8)
 R - a wand of random effects (7)
Scrolls
 i - 7 scrolls of magic mapping
 j - 6 scrolls of teleportation
 o - 10 scrolls of remove curse
 r - 2 scrolls of torment
 w - a scroll of fear
 x - 2 scrolls of enchant armour
 y - a scroll of silence
 z - 3 scrolls of blinking
 A - 4 scrolls of fog
 D - a scroll of holy word
 Q - a scroll of enchant weapon
Potions
 d - 4 potions of might
 h - 4 potions of flight
 l - 4 potions of heal wounds
 m - 3 potions of agility
 n - 2 potions of ambrosia
 p - 4 potions of curing
 u - 4 potions of haste
 v - 2 potions of lignification
 C - a potion of magic {unknown}
 J - a potion of invisibility
 M - 2 potions of resistance
Comestibles
 f - 36 rations


   Skills:
 - Level 10.0 Fighting
 - Level 12.0 Axes
 - Level 10.0 Armour
 + Level 9.1 Dodging
 - Level 9.0 Shields
 - Level 10.0 Invocations


You had 13 spell levels left.
You didn't know any spells.
Your spell library contained the following spells:

 Spells                   Type           Power        Failure   Level  Hunger
 Corona                   Hex            #......      75%         1    ##.....
 Flame Tongue             Conj/Fire      #....        75%         1    ##.....
 Ensorcelled Hibernation  Hex/Ice        #.....       86%         2    ###....
 Throw Flame              Conj/Fire      #.....       86%         2    ###....
 Confuse                  Hex            #.......     98%         3    ####...
 Conjure Flame            Conj/Fire      #.......     98%         3    ####...
 Dazzling Spray           Conj/Hex       #.....       98%         3    ####...
 Inner Flame              Hex/Fire       #.......     98%         3    ####...
 Tukima's Dance           Hex            #.......     98%         3    ####...
 Sticky Flame             Conj/Fire      #.......     100%        4    #####..
 Fireball                 Conj/Fire      #.........   100%        5    ######.


Dungeon Overview and Level Annotations

Branches:
Dungeon (10/15)            Temple (1/1) D:7            Lair (6/6) D:10
 Shoals (0/4) Lair:4       Spider (0/4) Lair:3        Slime (0/5) Lair:5
    Orc (0/2) D:9

Altars:
Ashenzari
Dithmenos
Elyvilon
Fedhas
Gozag
Hepliaklqana
Kikubaaqudgha
Makhleb
Nemelex Xobeh
Okawaru
Qazlal
Ru
Sif Muna
Trog
Uskayaw
Vehumet
Wu Jian
Xom
Yredelemnul
Zin
The Shining One
Jiyva

Shops:
D:5 *   D:6 ?   D:7 [

Annotations:
Lair:5 2 transporters, Seochur's ghost, journeyman MiBe
Lair:6 1 transporter, Qeujar's ghost, journeyman TrEn


Innate Abilities, Weirdness & Mutations

You cannot wear boots.
Your serpentine skin is tough. (AC +4)
You have supernaturally acute eyesight. (SInv)
Armour fits poorly on your strangely shaped body.
Your system is resistant to poisons. (rPois)
You cover ground very slowly.
You have a slow metabolism.
You can spit poison.
You can use your snake-like lower body to constrict enemies.


Message History

Lightning courses through the seven-headed hydra!
You hit the komodo dragon. You block the black mamba's attack.
The water moccasin bites you but does no damage.
You block the komodo dragon's attack.
The seven-headed hydra closely misses you.
The seven-headed hydra bites you but does no damage.
You block the seven-headed hydra's attack. x2
The seven-headed hydra bites you!
The seven-headed hydra bites you but does no damage. x2
The black mamba bites you!! The water moccasin closely misses you.
The komodo dragon bites you!
You block the black mamba's attack. x2; You block the water moccasin's attack.
You block the black mamba's attack. The seven-headed hydra bites you!
The seven-headed hydra bites you but does no damage. x2
The seven-headed hydra barely misses you.
You block the seven-headed hydra's attack.
The seven-headed hydra bites you!
The seven-headed hydra bites you but does no damage.
The water moccasin closely misses you. The black mamba bites you!
You die...

#...##.....#.##............
#....#$.#...#.#............
#...^#l=.^#...#............
##P..#!#.YSY.##............
#..##$#W.H#.#^..........##
####.#..#.##..##...(.....###
#.##.#.#0Hl#0..#.........#
#.#.##.0#DS..##[.......###~
##...#.tS@y.##..##.....# ~0
##..##.#####...##..[.## ~
##...###......##....## ##
#.#......####.##...## ~~
###.....P.##.#.##..#
##.#....#....P...# ~# ##
###............## 0~ #8
#............# ##~ ##
#............# #~0 #8


You could see an alligator (berserk), a seven-headed hydra (berserk), a moth of
wrath, a komodo dragon (berserk), a hippogriff (berserk), a black mamba
(berserk), a water moccasin (berserk) and Qeujar's ghost.

Vanquished Creatures
  2 entropy weavers (Lair:6)
  A fire dragon (Lair:6)
  7 hydras
  Erica (D:10)
  13 death yaks
  A catoblepas (Lair:5)
  A two-headed ogre (D:10)
  A queen ant (Lair:6)
  A death drake (Lair:4)
  A lindwurm (Lair:6)
  The ghost of Wired the Slasher, a novice OpWn of Makhleb (D:5)
  5 black mambas (Lair:6)
  8 elephants (Lair:6)
  11 spiny frogs
  3 molten gargoyles (Lair:6)
  A centaur skeleton (D:9)
  3 rime drakes
  7 komodo dragons
  A jumping spider (Lair:2)
  3 polar bears
  Grinder (D:6)
  2 hippogriffs (Lair:6)
  Prince Ribbit (D:6)
  30 blink frogs
  7 dream sheep (Lair:6)
  A redback (Lair:2)
  3 wyverns
  18 yaks
  A hungry ghost (D:9)
  5 basilisks
  Grum (D:9)
  3 steam dragons (Lair:6)
  5 soldier ants (Lair:6)
  3 hell hounds (Lair:6)
  10 porcupines
  9 water moccasins
  A sky beast (D:6)
  3 ice beasts
  5 orc warriors
  2 phantoms (D:7)
  A necrophage (D:5)
  5 black bears
  5 ogres
  8 wolves
  8 centaurs
  12 crocodiles
  8 bullfrogs
  A gnoll sergeant (D:8)
  A wyvern skeleton (D:9)
  4 scorpions
  4 wights (D:9)
  4 killer bees
  4 electric eels
  2 howler monkeys
  4 crimson imps
  5 lava snakes (Lair:6)
  2 centaur zombies
  A quasit (D:10)
  4 jellies
  6 orc priests
  7 hounds
  11 orc wizards
  3 iguanas
  18 worker ants
  2 killer bee zombies
  A worker ant zombie (D:5)
  12 adders
  8 gnolls
  A howler monkey skeleton (D:7)
  A shadow imp (D:5)
  2 oozes
  An adder skeleton (D:10)
  4 adder zombies
  2 worms
  5 dart slugs
  3 leopard geckos
  37 orcs
  8 bats
  4 giant cockroaches
  7 goblins
  6 hobgoblins
  7 jackals
  5 quokkas
  6 frilled lizards
  13 kobolds
  2 quokka skeletons
  2 rats (D:2)
  13 fungi
  11 plants
474 creatures vanquished.

Vanquished Creatures (collateral kills)
  2 elephants (Lair:6)
2 creatures vanquished.

Vanquished Creatures (others)
  A black mamba (Lair:6)
  An orc (D:9)
  A bush (Lair:2)
  7 fungi
  15 plants
25 creatures vanquished.

Grand Total: 501 creatures vanquished

Notes
Turn   | Place    | Note
-------+----------+-------------------------------------------
     0 | D:1      | Duffy the Naga Fighter began the quest for the Orb.
     0 | D:1      | Reached XP level 1. HP: 21/21 MP: 1/1
    51 | D:1      | Reached XP level 2. HP: 18/28 MP: 2/2
   276 | D:1      | Reached XP level 3. HP: 32/34 MP: 3/3
   507 | D:2      | Reached skill level 3 in Axes
   518 | D:2      | Reached XP level 4. HP: 21/42 MP: 4/4
   878 | D:2      | You fall through a shaft!
  1349 | D:2      | Reached XP level 5. HP: 42/49 MP: 5/5
  1632 | D:3      | Reached skill level 4 in Axes
  2111 | D:3      | Found a shimmering altar of Xom.
  2595 | D:4      | Reached XP level 6. HP: 4/56 MP: 6/6
  2600 | D:4      | HP: 2/56 [poisoned by a worker ant]
  2608 | D:4      | HP: 2/56 [poisoned by a worker ant]
  2616 | D:4      | HP: 1/56 [poisoned by a worker ant]
  3524 | D:4      | Found a shadowy altar of Dithmenos.
  3939 | D:5      | Entered Level 5 of the Dungeon
  4020 | D:5      | Found a runed translucent gate.
  4020 | D:5      | Found a runed translucent gate.
  4020 | D:5      | Found a runed translucent gate.
  4024 | D:5      | Noticed Wired's ghost (novice OpWn)
  4041 | D:5      | Noticed an ice beast
  4053 | D:5      | Killed an ice beast
  4053 | D:5      | Reached skill level 5 in Axes
  4053 | D:5      | Reached XP level 7. HP: 30/62 MP: 7/7
  4378 | D:5      | Found an iron altar of Okawaru.
  4560 | D:5      | Reached skill level 5 in Shields
  4754 | D:5      | Reached XP level 8. HP: 67/68 MP: 8/8
  4785 | D:5      | Reached skill level 6 in Axes
  5142 | D:5      | Found Xarhice's General Store.
  5145 | D:5      | Bought a scroll of identify for 24 gold pieces
  5145 | D:5      | Bought a scroll of random uselessness for 12 gold pieces
  6104 | D:6      | Noticed Prince Ribbit
  6198 | D:6      | Reached skill level 7 in Axes
  6198 | D:6      | Reached skill level 5 in Armour
  6302 | D:6      | Reached XP level 9. HP: 74/74 MP: 9/9
  6382 | D:6      | Found a deep blue altar of Sif Muna.
  6396 | D:6      | Found a sparkling altar of Nemelex Xobeh.
  6444 | D:6      | Noticed Grinder
  6449 | D:6      | Killed Grinder
  6558 | D:6      | Found Kaenocy's Magic Scroll Shop.
  6581 | D:6      | Bought a scroll of magic mapping for 49 gold pieces
  6581 | D:6      | Bought a scroll of fog for 28 gold pieces
  6587 | D:6      | Found a blossoming altar of Fedhas.
  7147 | D:6      | Killed Prince Ribbit
  7166 | D:6      | Bought a scroll of identify for 28 gold pieces
  7166 | D:6      | Bought a scroll of identify for 28 gold pieces
  7166 | D:6      | Bought a scroll of identify for 28 gold pieces
  7166 | D:6      | Bought a scroll of remove curse for 42 gold pieces
  7295 | D:7      | Reached skill level 8 in Axes
  7369 | D:7      | Found a hazy altar of Hepliaklqana.
  7392 | D:7      | Found a basalt altar of Yredelemnul.
  7394 | D:7      | Found a bloodstained altar of Trog.
  7431 | D:7      | Found a staircase to the Ecumenical Temple.
  7437 | Temple   | Entered the Ecumenical Temple
  7554 | Temple   | Became a worshipper of Qazlal Stormbringer
  7643 | D:7      | Reached skill level 1 in Invocations
  7732 | D:7      | Found a radiant altar of Vehumet.
  7739 | D:7      | Found Decim's Armour Shoppe.
  7891 | D:7      | Found a burning altar of Makhleb.
  7892 | D:7      | Found a glowing silver altar of Zin.
  7892 | D:7      | Noticed an angel
  7893 | D:7      | Noticed a green death
  8299 | D:5      | Killed Wired's ghost
  8581 | D:6      | Bought a scroll of enchant armour for 105 gold pieces
  8663 | D:8      | Noticed a five-headed hydra
  8860 | D:8      | Reached XP level 10. HP: 58/83 MP: 11/11
  9280 | D:9      | Reached * piety under Qazlal
  9291 | D:9      | You fall through a shaft!
  9291 | D:10     | Entered Level 10 of the Dungeon
  9302 | D:10     | Noticed a two-headed ogre
  9323 | D:10     | Killed a two-headed ogre
  9348 | D:10     | Reached skill level 9 in Axes
  9641 | D:10     | Found a staircase to the Lair.
  9718 | D:10     | Noticed Erica
  9729 | D:10     | Killed Erica
  9729 | D:10     | Reached skill level 5 in Invocations
 10145 | D:9      | Reached XP level 11. HP: 86/89 MP: 13/15
 10280 | D:9      | Noticed a four-headed hydra
 10291 | D:9      | Killed a one-headed hydra
 10400 | D:9      | Noticed Grum
 10407 | D:9      | Reached ** piety under Qazlal
 10410 | D:9      | Killed Grum
 10721 | D:9      | Reached skill level 10 in Axes
 10873 | D:9      | Found a staircase to the Orcish Mines.
 11243 | D:8      | HP: 3/89 [scorpion (7)]
 11248 | D:8      | Killed a one-headed hydra
 11927 | D:8      | Found an opulent altar of Gozag.
 12105 | Lair:1   | Entered Level 1 of the Lair of Beasts
 12485 | Lair:1   | Reached skill level 1 in Dodging
 12983 | Lair:1   | Noticed a four-headed hydra
 12992 | Lair:1   | Killed a one-headed hydra
 12992 | Lair:1   | Reached XP level 12. HP: 58/99 MP: 17/17
 13152 | Lair:2   | Reached *** piety under Qazlal
 14038 | Lair:3   | Reached skill level 5 in Fighting
 14113 | Lair:3   | Noticed a six-headed hydra
 14121 | Lair:3   | Killed a six-headed hydra
 15126 | Lair:3   | Found a hole to the Spider Nest.
 15714 | Lair:4   | Noticed a death yak
 15714 | Lair:4   | Noticed a death yak
 15717 | Lair:4   | Noticed a death yak
 15718 | Lair:4   | Noticed a death yak
 15719 | Lair:4   | Noticed a death yak
 15720 | Lair:4   | Noticed a death yak
 15732 | Lair:3   | Killed a death yak
 15737 | Lair:3   | Killed a death yak
 16056 | Lair:3   | Killed a death yak
 16119 | Lair:3   | Killed a death yak
 16119 | Lair:3   | Gained mutation: You can use your snake-like lower body to
                  | constrict enemies. [Naga growth]
 16119 | Lair:3   | Reached XP level 13. HP: 72/112 MP: 20/20
 16350 | Lair:3   | Reached skill level 5 in Dodging
 16517 | Lair:4   | Reached skill level 10 in Invocations
 16566 | Lair:4   | Reached skill level 10 in Armour
 16826 | Lair:4   | Found a staircase to the Shoals.
 17025 | Lair:4   | Noticed Nessos
 17032 | Lair:4   | Noticed Nessos
 17032 | Lair:4   | Nessos changed into Nessos the death drake
 17039 | Lair:4   | Killed Nessos the death drake
 17935 | Lair:5   | Found a staircase to the Slime Pits.
 17936 | Lair:5   | Found a viscous altar of Jiyva.
 18018 | Lair:5   | Found a transporter.
 18018 | Lair:5   | Noticed Seochur's ghost (journeyman MiBe)
 18018 | Lair:5   | Noticed a dire elephant
 18020 | Lair:5   | Found a transporter.
 18147 | Lair:5   | Reached **** piety under Qazlal
 18643 | Lair:6   | Entered Level 6 of the Lair of Beasts
 19136 | Lair:6   | Reached skill level 11 in Axes
 19575 | Lair:6   | Reached XP level 14. HP: 96/128 MP: 5/21
 19968 | Lair:6   | Noticed Qeujar's ghost (journeyman TrEn)
 19991 | Lair:6   | Found a transporter.
 20295 | Lair:6   | Found a transporter.
 20965 | Lair:6   | Reached skill level 10 in Fighting
 21170 | Lair:6   | Noticed an entropy weaver
 21177 | Lair:6   | Noticed an entropy weaver
 21182 | Lair:6   | Killed an entropy weaver
 21182 | Lair:6   | Reached skill level 12 in Axes
 21192 | Lair:6   | Killed an entropy weaver
 21770 | Lair:6   | Reached ***** piety under Qazlal
 21776 | Lair:6   | Found a large runed translucent door.
 21891 | Lair:6   | Found a large runed translucent door.
 22603 | Lair:6   | Slain by a black mamba

Levels and vault maps discovered:

Skill      XL: |  1  2  3  4  5  6  7  8  9 10 11 12 13 14 |
---------------+-------------------------------------------+-----
Shields        | 3 4 5 6 7 8 9 |  9.0
Axes           | 3 4 5 7 8 9 10 11 12 | 12.0
Armour         | 3 5 6 7 8 9 10 | 10.0
Invocations    | 2 5 7 9 10 | 10.0
Dodging        | 2 4 7 9 |  9.1
Fighting       | 4 6 9 10 | 10.0

Action                   |  1- 3 |  4- 6 |  7- 9 | 10-12 | 13-15 || total
-------------------------+-------+-------+-------+-------+-------++-------
Melee: War axe           |    50 |   183 |   348 |   649 |   437 ||  1667
       Scimitar          |       |       |       |    24 |    21 ||    45
       Constrict         |       |       |       |       |    67 ||    67
Throw: Throwing net      |       |       |     3 |       |       ||     3
Invok: Upheaval          |       |       |       |     2 |     6 ||     8
       Elemental Force   |       |       |       |       |     3 ||     3
 Abil: Spit Poison       |    12 |    24 |    25 |     7 |       ||    68
Evoke: Wand              |       |       |       |    13 |     2 ||    15
  Use: Scroll            |       |     4 |     6 |    11 |     4 ||    25
       Potion            |       |       |       |     2 |       ||     2
 Stab: Held in net/web   |       |       |     1 |       |       ||     1
  Eat: Chunk             |       |     6 |    13 |    14 |    12 ||    45
       Ration            |       |     1 |     1 |     2 |     3 ||     7
Armor: Scale mail        |    30 |    84 |    66 |   273 |   188 ||   641
       Chain mail        |       |       |   101 |       |       ||   101
       Skin              |       |       |       |    16 |       ||    16
Dodge: Dodged            |    19 |    39 |    24 |   137 |   145 ||   364
       Deflected         |       |       |       |       |     3 ||     3
Block: Shield            |    30 |   110 |   235 |   484 |   439 ||  1298
       Reflection        |       |       |     7 |       |       ||     7
       Rpst.: Scimitar   |       |       |       |     2 |     2 ||     4

Table legend:
 A = Non-vault XP
 B = Vault XP
 C = Vault XP percentage of total XP
 D = Non-vault monster count
 E = Vault monster count
 F = Vault count percentage of total count
                 A         B        C        D         E       F
            +---------+---------+-------+---------+---------+-------
      Total |   56929 |   20302 |  26.3 |     354 |     100 |  22.0
            +---------+---------+-------+---------+---------+-------
        D:1 |      41 |       0 |   0.0 |      19 |       0 |   0.0
        D:2 |     104 |      17 |  14.0 |      24 |       2 |   7.7
        D:3 |      89 |       0 |   0.0 |      15 |       0 |   0.0
        D:4 |     299 |       0 |   0.0 |      13 |       0 |   0.0
        D:5 |     887 |     809 |  47.7 |      26 |       9 |  25.7
        D:6 |     700 |     754 |  51.9 |      22 |       5 |  18.5
        D:7 |     876 |       0 |   0.0 |      20 |       0 |   0.0
        D:8 |    1748 |       0 |   0.0 |      22 |       0 |   0.0
        D:9 |    2621 |    1100 |  29.6 |      25 |      24 |  49.0
       D:10 |    1832 |    2142 |  53.9 |      18 |      10 |  35.7
     Lair:1 |    4761 |       0 |   0.0 |      21 |       0 |   0.0
     Lair:2 |    3578 |     547 |  13.3 |      14 |       2 |  12.5
     Lair:3 |   11022 |       0 |   0.0 |      29 |       0 |   0.0
     Lair:4 |    5373 |     983 |  15.5 |      17 |       4 |  19.0
     Lair:5 |    4107 |       0 |   0.0 |      11 |       0 |   0.0
     Lair:6 |   18891 |   13950 |  42.5 |      58 |      44 |  43.1
            +---------+---------+-------+---------+---------+-------
